 Dungeon Crawl Stone Soup version 0.31-a0-1074-g0b22e4e0f1 (webtiles) character file.

Game seed: 3277770022653905040

116552 Jeffwins the Grappler (level 16, -9/137 HPs)
             Began as a Troll Earth Elementalist on Nov 30, 2023.
             Was a High Priest of Vehumet.
             Mangled by a salamander
             ... wielding a +0 spear
              (11 damage)
             ... on level 2 of the Snake Pit on Dec 1, 2023.
             The game lasted 01:36:04 (31405 turns).

Jeffwins the Grappler (Troll Earth Elementalist)   Turns: 31405, Time: 01:36:05

Health: -9/137     AC: 11    Str: 25    XL:     16   Next: 21%
Magic:  15/36      EV:  6    Int: 17    God:    Vehumet [*****.]
Gold:   106        SH:  0    Dex: 10    Spells: 2/31 levels left

rFire   . . .        a - staff of cold
rCold   + . .        (no shield)
rNeg    . . .        J - +0 steam dragon scales
rPois   +            U - +1 hat {Stlth+}
rElec   .            h - +2 cloak of the Eight Hells {Str+5}
rCorr   .            (gloves unavailable)
SInv    .            (boots unavailable)
Will    +....        I - amulet of magic regeneration
Stlth   ++           W - ring of magical power
HPRegen 1.22/turn    P - ring of poison resistance
MPRegen 0.65/turn

%: no passive effects
@: constricted, studying 2 skills
A: large, unfitting armour, claws 3, regeneration 1, shaggy fur 1, tough skin 1
a: Renounce Religion


You were on level 2 of the Snake Pit.
You worshipped Vehumet.
Vehumet was extremely pleased with you.
You visited 5 branches of the dungeon, and saw 25 of its levels.
You also visited: Bailey and Gauntlet.

You collected 3057 gold pieces.
You spent 2951 gold pieces at shops.


Innate Abilities, Weirdness & Mutations

You are too large for most types of armour.
You have claws for hands.
Your natural rate of healing is unusually fast.
You are covered in fur. (AC +1)
You have tough skin. (AC +1)


   Skills:
 + Level 4.2 Fighting
 + Level 5.5 Throwing
 - Level 1.5 Dodging
 - Level 1.0 Stealth
 + Level 0.6 Shields
 * Level 12.9 Unarmed Combat
 * Level 8.2 Spellcasting
 * Level 7.9 Conjurations
 - Level 4.0 Translocations
 - Level 4.0 Transmutations
 * Level 9.8 Ice Magic
 * Level 6.0 Air Magic
 * Level 9.9 Earth Magic
 - Level 4.0 Poison Magic
 + Level 4.6 Evocations
 * Level 9.1 Shapeshifting


You had 2 spell levels left.
You knew the following spells:

 Your Spells              Type           Power      Damage    Failure   Level
b - Ozocubu's Refrigerat  Ice            28%        4d13      36%         7
c - Brom's Barrelling Bo  Conj/Erth      37%        2d6       1%          4
l - Lee's Rapid Deconstr  Erth           20%        3d12*     1%          5
m - Mephitic Cloud        Conj/Pois/Air  27%        N/A       1%          3
x - Stone Arrow           Conj/Erth      74%        3d11      1%          3
z - Freezing Cloud        Conj/Ice/Air   25%        6-21      3%          5
I - Blink                 Tloc           40%        N/A       3%          2

Your spell library contained the following spells:

 Spells                   Type           Power      Damage    Failure   Level
 Starburst                Conj/Fire      10%        6d5       58%         6
 Apportation              Tloc           40%        N/A       1%          1
 Magic Dart               Conj           100%       1d8       1%          1
 Sandblast                Erth           80%        2d17      1%          1
 Ensorcelled Hibernation  Hex/Ice        70%        N/A       1%          2
 Momentum Strike          Conj/Tloc      54%        3d9       1%          2
 Passwall                 Tmut/Erth      25%        N/A       1%          2
 Poisonous Vapours        Pois/Air       48%        N/A       1%          2
 Searing Ray              Conj           68%        2d6       1%          2
 Lesser Beckoning         Tloc           40%        N/A       3%          2
 Necrotise                Necr           28%        1d5       11%         1
 Summon Small Mammal      Summ           28%        N/A       11%         1
 Swiftness                Air            27%        N/A       2%          3
 Fulminant Prism          Conj/Hex       10%        3d8       5%          4
 Gell's Gravitas          Tloc           20%        N/A       6%          3
 Teleport Other           Tloc           20%        N/A       6%          3
 Petrify                  Tmut/Erth      30%        N/A       6%          4
 Animate Armour           Summ/Erth      46%        N/A       13%         4
 Manifold Assault         Tloc           20%        N/A       21%         4
 Passage of Golubria      Tloc           20%        N/A       21%         4
 Summon Lightning Spire   Summ/Air       17%        N/A       28%         4
 Tukima's Dance           Hex            7%         N/A       30%         3
 Yara's Violent Unravell  Hex/Tmut       6%         3d5       30%         5
 Eringya's Noxious Bog    Tmut/Pois      10%        4d6       58%         6
 Silence                  Hex/Air        8%         N/A       63%         5
 Summon Forest            Summ/Tloc      6%         N/A       77%         5
 Dispersal                Tloc           10%        N/A       97%         6
 Lehudib's Crystal Spear  Conj/Erth      18%        10d6      98%         8
 Summon Hydra             Summ           3%         N/A       100%        7

Inventory:

Hand Weapons
 c - the +6 dire flail of Ancient Evil {freeze, *Rage rF+ Will+ Str+3}
   (You took it off a two-headed ogre on level 1 of the Orcish Mines)

   Str+3:     It affects your strength (+3).
   rF+:       It protects you from fire.
   Will+:     It increases your willpower.
   *Rage:     It berserks you when you make melee attacks (+20% chance).
Missiles
 k - 8 datura-tipped darts
 p - 16 curare-tipped darts (quivered) {=f}
 t - 115 poisoned darts
 H - 2 throwing nets {=f}
Armour
 h - the +2 cloak of the Eight Hells (worn) {Str+5}
   (You found it in a Gauntlet)

   Str+5:     It affects your strength (+5).
 u - a +2 kite shield of protection
 y - a scarf of repulsion
 J - +0 steam dragon scales (worn)
 U - a +1 hat of stealth (worn)
Magical Staves
 a - a staff of cold (weapon)
Jewellery
 n - the amulet of Duninlorch {RegenMP Harm rPois Will- rCorr}
   (You took it off a minotaur in a Gauntlet)

   [amulet of magic regeneration]

   RegenMP:   It increases your rate of magic regeneration.
   rPois:     It protects you from poison Will-: It decreases your willpower.
   rCorr:     It protects you from acid and corrosion.
   Harm:      It increases damage dealt and taken.
 D - the ring "Ciot" {Fire Dex+3 SInv}
   (You found it on level 14 of the Dungeon)

   [ring of fire]

   Fire:      It enhances your fire magic.
   Dex+3:     It affects your dexterity (+3).
   rF+:       It protects you from fire.
   rC-:       It makes you vulnerable to cold.
   SInv:      It lets you see invisible.
 F - a ring of protection from fire
 I - an amulet of magic regeneration (around neck)
 L - a ring of flight
 O - a ring of willpower
 P - a ring of poison resistance (right claw)
 S - the ring "Pumnos" {Ice Int+2}
   (You bought it in a shop on level 2 of the Orcish Mines)

   [ring of ice]

   Ice:       It enhances your ice magic.
   Int+2:     It affects your intelligence (+2).
   rF-:       It makes you vulnerable to fire.
   rC+:       It protects you from cold.
 W - a ring of magical power (left claw)
 Z - a ring of wizardry
Talismans
 E - a storm talisman
Wands
 o - a wand of mindburst (6)
 x - a wand of quicksilver (6)
 z - a wand of paralysis (8)
 B - a wand of roots (14)
 M - a wand of flame (37)
 T - a wand of polymorph (3)
Scrolls
 d - 3 scrolls of fear
 g - 13 scrolls of teleportation {@r4}
 i - 7 scrolls of vulnerability {!r}
 j - a scroll of enchant armour
 l - 2 scrolls of poison {!r}
 m - 4 scrolls of revelation
 A - 4 scrolls of blinking
 G - a scroll of silence {!r}
 K - 3 scrolls of fog
 Q - 7 scrolls of immolation {!r}
 V - 4 scrolls of summoning
 Y - 3 scrolls of enchant weapon
Potions
 b - 2 potions of magic
 e - 7 potions of curing {@q1}
 f - 5 potions of enlightenment
 r - 2 potions of haste {@q3}
 s - 3 potions of might
 v - 2 potions of resistance
 w - a potion of mutation {!q}
 C - 2 potions of brilliance
 N - 3 potions of invisibility
 X - 2 potions of heal wounds {@q2}
Miscellaneous
 q - a tin of tremorstones (1/2)
 R - a phantom mirror (inert)

Dungeon Overview and Level Annotations

Branches:
Dungeon (15/15)            Temple (1/1) D:6            Lair (5/5) D:9
 Shoals (0/4) Lair:2        Snake (2/4) Lair:3        Slime (0/5) Lair:4
    Orc (2/2) D:9             Elf (0/3) Orc:2        Vaults (0/5) D:14
 Depths (0/4) D:15         Bailey (visited)         Gauntlet (visited)

Altars:
Ashenzari
Cheibriados
Dithmenos
Elyvilon
Fedhas
Gozag
Hepliaklqana
Kikubaaqudgha
Makhleb
Nemelex Xobeh
Okawaru
Qazlal
Ru
Sif Muna
Trog
Uskayaw
Vehumet
Wu Jian
Xom
Yredelemnul
Zin
The Shining One
Jiyva

Shops:
D:4 [   D:7 (   D:12 :   D:13 ?   Orc:2 =(?*   Snake:1 [

Portals:
Trove: D:13 (give 13 scrolls of teleportation)

Annotations:
Lair:4 1 runed translucent door, tbh1313's ghost, journeyman OgBe
Snake:1 2 runed translucent doors, Vuushr Kima's ghost, adept DsNe

#....##
#.....##
#......#
#......#
#.....§# #
#....§§##§N##
#....§§SN§..+
#NNN.§####.##
#N@N.##
##NN#####
#.......#
#.......#
#.......#
#.......#
#.......+
#......##
##....##


You could see 2 salamanders, a guardian serpent (fleeing), 2 naga magi and 4
nagas.


Message History

The salamander hits you with a +0 spear.
* * * LOW HITPOINT WARNING * * *
You are engulfed in flames!
* * * LOW HITPOINT WARNING * * *
The salamander hits you but does no damage.
The naga hits you with a +0 flail!
* * * LOW HITPOINT WARNING * * *
The guardian serpent is engulfed in freezing vapours.
The guardian serpent casts a spell at you.
The naga mage hits you with a +0 halberd!
* * * LOW HITPOINT WARNING * * *
The naga hits you with a +0 antimagic glaive!!
* * * LOW HITPOINT WARNING * * *
You feel your power leaking away.
The naga is engulfed in freezing vapours.
The naga spits poison at you. The splash of poison hits you. You resist.
* * * LOW HITPOINT WARNING * * *
Unknown command.
As you read the scroll of fear, it crumbles to dust.
You assume a fearsome visage.
The guardian serpent looks frightened!
The naga mage looks frightened!
The naga looks frightened! x2
The naga mage easily resists.
The salamander looks frightened!
The naga looks frightened! x2
The salamander resists with some effort.
The guardian serpent is engulfed in freezing vapours.
The naga mage constricts you.
* * * LOW HITPOINT WARNING * * *
The salamander hits you with a +0 spear!
You die...

Skill      XL: |  1  2  3  4  5  6  7  8  9 10 11 12 13 14 15 16 |
---------------+-------------------------------------------------+-----
Unarmed Combat | 1 2 3 4 5 6 7 8 10 11 12 | 12.9
Earth Magic    | 3 4 5 6 7 8 9 |  9.9
Spellcasting   | 2 3 4 5 6 7 8 |  8.2
Conjurations   | 1 2 3 4 5 6 7 |  7.9
Transmutations | 1 2 3 4 |  4.0
Shapeshifting  | 1 2 3 4 5 6 7 8 9 |  9.1
Translocations | 1 2 3 4 |  4.0
Throwing       | 1 2 3 4 5 |  5.5
Ice Magic      | 2 4 5 6 7 8 9 |  9.8
Air Magic      | 1 2 3 4 5 6 |  6.0
Evocations     | 1 2 3 4 |  4.6
Poison Magic   | 1 2 3 4 |  4.0
Fighting       | 1 2 3 4 |  4.2
Dodging        | |  1.5
Stealth        | |  1.0
Shields        | |  0.6

Action                     |  1- 3 |  4- 6 |  7- 9 | 10-12 | 13-15 | 16-18 || total
---------------------------+-------+-------+-------+-------+-------+-------++-------
  Melee: Unarmed           |    53 |    69 |   221 |   401 |   207 |     2 ||   953
         Punch             |       |     2 |     6 |    22 |     8 |       ||    38
  Throw: Dart              |       |       |       |    11 |     7 |       ||    18
   Cast: Sandblast         |     9 |     3 |     3 |     1 |       |       ||    16
         Stone Arrow       |       |    10 |   139 |   256 |   357 |    39 ||   801
         Brom's Barrelling |       |       |     1 |     6 |     8 |     1 ||    16
         Freezing Cloud    |       |       |       |    22 |   252 |    31 ||   305
         Lee's Rapid Decon |       |       |       |     9 |    18 |       ||    27
         Mephitic Cloud    |       |       |       |       |     1 |       ||     1
         Blink             |       |       |       |       |     1 |       ||     1
  Evoke: Wand              |       |       |     1 |    14 |     1 |       ||    16
         Tin of tremorston |       |       |       |       |     4 |     1 ||     5
         Phantom mirror    |       |       |       |       |     1 |       ||     1
    Use: Scroll            |       |       |     7 |    12 |     9 |     2 ||    30
         Potion            |       |       |       |     2 |     2 |       ||     4
   Stab: Sleeping          |     2 |     2 |     1 |     1 |       |       ||     6
         Confused          |       |       |       |     1 |       |       ||     1
         Paralysed         |       |       |       |     1 |       |       ||     1
 Armour: Robe              |    38 |    49 |   182 |       |       |       ||   269
         Steam dragon scal |       |       |   150 |   424 |   382 |    43 ||   999
         Skin              |       |       |       |     2 |       |       ||     2
  Dodge: Dodged            |    17 |    32 |   261 |   272 |   166 |     4 ||   752
         Repelled          |       |       |     2 |     6 |     3 |       ||    11
         Form:             |       |       |       |       |     1 |       ||     1
         Storm             |       |       |       |       |     1 |       ||     1

Levels and vault maps discovered:
D:1:      dpeg_arrival_rooms_c, layout_basic
D:2:      layout_loops_ring, uniq_sigmund
D:3:      layout_basic, tso_oasis_becter, uniq_natasha
D:4:      layout_loops_ring, kennysheep_mini_moat, mainiacjoe_overflow_alcove_1,
          serial_shops, nicolae_shop_tiny_waterfront, uniq_grinder
D:5:      kennysheep_spiral_hall, layout_basic, serial_corexii_hall,
          chequers_hall_statues_y, chequers_hall_statues_wall_a,
          chequers_hall_statues_y, uniq_menkaure
D:6:      layout_basic, tgw_sif, minmay_temple_entry_wispy, minmay_manual_mess
D:7:      layout_basic, mainiacjoe_overflow_small_starburst,
          mainiacjoe_overflow_paths, makhleb_heckhound_becter, enter_bailey_5,
          serial_shops, nicolae_shop_behind_doors
D:8:      minmay_s_stair_smasher, layout_cave_pools,
          mainiacjoe_overflow_boulevard, nicolae_overflow_hidden_temple,
          nicolae_ru_great_annihilating_truth, serial_demonic, serial_demonic_d,
          serial_demonic_e, serial_demonic_d, serial_demonic_e,
          serial_demonic_g, serial_demonic_d, minmay_misc_feat_tiny,
          minmay_manual_mares, uniq_maurice, uniq_erica, uniq_psyche
D:9:      layout_roguey, overflow_temple_1_default, erik_lair_dragon,
          orc_0_dummy
D:10:     layout_roguey, minivault_23, uniq_amaemon
D:11:     wad_guarded_room, layout_loops_corners, mrwooster_statue_mirror
D:12:     layout_small_grid, serial_shops, nicolae_lakefront_shop
D:13:     layout_loops_cross, serial_shops, shop, enter_trove_5,
          grunt_decor_cap, uniq_kirke
D:14:     layout_basic, hellmonk_vaults_keyhole, ebering_dispersal_statue_hall,
          uniq_rupert
D:15:     hellmonk_depths_entry_around_the_bend, layout_basic,
          nemelex_spade_bored_becter
Temple:   jpeg_temple_alley_garden
Lair:1:   layout_regular_city, lemuel_fruit_tree, grunt_megastairs_1, uniq_urug,
          uniq_grum, uniq_gastronok
Lair:2:   layout_roguey, minmay_shoals_entry_centaurs, grunt_megastairs_4,
          serial_bayou_shore_b
Lair:3:   layout_big_grid, guppyfry_snake_entry_garden, nzn_random_ring
Lair:4:   layout_roguey, slime_entry_1, ebering_ghost_funeral_grove,
          serial_bayou_pond_d
Lair:5:   minmay_lair_end_frog_pond, layout_hall_layers, gauntlet_entry_generic
Snake:1:  layout_concentric_octagons, ebering_ghost_disaster_area, serial_shops,
          nicolae_shop_tiny_glass, corexii_hall_statues_x,
          serial_bayou_lagoon_a, statue_in_the_mist_lemuel
Snake:2:  layout_gridlike
Orc:1:    layout_caves, gammafunk_ghost_smash, special_room
          [special_room_kobold]
Orc:2:    grunt_orc_tribal_feast, layout_diamond_mine, basic_altar

Notes
Turn   | Place    | Note
-------+----------+-------------------------------------------
     0 | D:1      | Jeffwins the Troll Earth Elementalist began the quest for
                  | the Orb.
     0 | D:1      | Reached XP level 1. HP: 16/16 MP: 1/1
   102 | D:1      | Reached XP level 2. HP: 24/24 MP: 3/3
   788 | D:2      | Reached skill level 1 in Unarmed Combat
   816 | D:2      | Identified the +1 leather armour of Zin's Generosity
                  | {*Corrode rElec Regen+ SInv}
   874 | D:2      | Noticed Sigmund
   887 | D:2      | HP: 1/24 [something (9)]
   888 | D:2      | Reached skill level 3 in Earth Magic
   888 | D:2      | Reached XP level 3. HP: 2/31 MP: 4/4
   889 | D:2      | Killed Sigmund
   890 | D:2      | Reached skill level 2 in Unarmed Combat
   890 | D:2      | Reached skill level 2 in Spellcasting
   890 | D:2      | Reached skill level 1 in Conjurations
   890 | D:2      | Reached skill level 1 in Transmutations
   890 | D:2      | Reached XP level 4. HP: 6/39 MP: 5/6
   890 | D:2      | Reached XP level 5. HP: 7/45 MP: 5/7
   996 | D:2      | Learned a level 3 spell: Stone Arrow
  1001 | D:2      | Learned a level 4 spell: Brom's Barrelling Boulder
  1652 | D:3      | Noticed Natasha
  1655 | D:3      | Killed Natasha
  1675 | D:3      | Noticed Natasha
  1682 | D:3      | Killed Natasha
  1753 | D:3      | Reached XP level 6. HP: 53/53 MP: 8/8
  1763 | D:3      | Found a glowing golden altar of the Shining One.
  1770 | D:3      | Noticed Natasha
  1776 | D:3      | Killed Natasha
  2110 | D:4      | Noticed Grinder
  2115 | D:4      | Paralysed by Grinder for 2 turns
  2128 | D:4      | Paralysed by Grinder for 5 turns
  2133 | D:4      | Killed Grinder
  2134 | D:4      | Reached skill level 3 in Unarmed Combat
  2134 | D:4      | Reached skill level 2 in Conjurations
  2134 | D:4      | Reached skill level 4 in Earth Magic
  2134 | D:4      | Reached skill level 1 in Shapeshifting
  2166 | D:4      | Reached XP level 7. HP: 31/59 MP: 2/9
  2350 | D:4      | Found a radiant altar of Vehumet.
  2379 | D:4      | Found a broken altar of Ashenzari.
  2393 | D:4      | Became a worshipper of Vehumet
  2501 | D:4      | Learned a level 2 spell: Blink
  2543 | D:4      | Found Tuichocu's Antique Armour Shoppe.
  2676 | D:4      | Bought an embroidered scarf for 208 gold pieces
  2908 | D:5      | Entered Level 5 of the Dungeon
  2917 | D:4      | Reached skill level 2 in Transmutations
  3169 | D:5      | Noticed Menkaure
  3173 | D:5      | Killed Menkaure
  3174 | D:5      | Reached skill level 2 in Shapeshifting
  3304 | D:5      | Reached XP level 8. HP: 61/67 MP: 8/11
  3415 | D:5      | Reached skill level 3 in Conjurations
  3538 | D:5      | Reached skill level 4 in Unarmed Combat
  3538 | D:5      | Reached skill level 3 in Spellcasting
  3538 | D:5      | Reached skill level 1 in Translocations
  3818 | D:5      | Reached skill level 5 in Earth Magic
  3834 | D:5      | Reached * piety under Vehumet
  3834 | D:5      | Offered knowledge of Shock by Vehumet.
  3835 | D:5      | Reached skill level 3 in Shapeshifting
  4925 | D:6      | Killed an unseen horror
  4926 | D:6      | Reached XP level 9. HP: 58/74 MP: 7/13
  5154 | D:6      | Reached skill level 5 in Unarmed Combat
  5359 | D:6      | Reached skill level 1 in Throwing
  5361 | D:6      | Reached skill level 1 in Ice Magic
  5373 | D:6      | Identified the +0 pair of boots of the Shore {+Inv Will+
                  | MP+9 Stlth+}
  5485 | D:6      | Learned a level 5 spell: Freezing Cloud
  5619 | D:6      | Found a shimmering blue altar of Sif Muna.
  5790 | D:6      | Reached skill level 4 in Conjurations
  5963 | D:6      | Reached skill level 4 in Shapeshifting
  6101 | D:6      | Found a staircase to the Ecumenical Temple.
  6139 | Temple   | Entered the Ecumenical Temple
  6199 | D:7      | Reached skill level 3 in Transmutations
  6199 | D:7      | Reached skill level 2 in Ice Magic
  6203 | D:7      | Reached skill level 1 in Air Magic
  6239 | D:7      | Reached skill level 2 in Translocations
  6508 | D:7      | Found a flagged portal.
  6511 | D:7      | Reached ** piety under Vehumet
  6511 | D:7      | Offered knowledge of Scorch by Vehumet.
  6541 | Bailey   | Entered a bailey
  6913 | Bailey   | Reached skill level 6 in Earth Magic
  6913 | Bailey   | Reached XP level 10. HP: 33/81 MP: 3/14
  6926 | Bailey   | Found an iron altar of Okawaru.
  7232 | D:7      | Found a glowing silver altar of Zin.
  7262 | D:7      | Found a stormy altar of Qazlal.
  7321 | D:7      | Found a burning altar of Makhleb.
  7331 | D:7      | Offered knowledge of Volatile Blastmotes by Vehumet.
  7370 | D:7      | Reached skill level 3 in Ice Magic
  7592 | D:7      | Found Juaria's Weapon Shoppe.
  7605 | D:7      | Reached *** piety under Vehumet
  7708 | D:7      | Reached skill level 4 in Spellcasting
  7911 | D:8      | Reached skill level 1 in Evocations
  8008 | D:8      | Offered knowledge of Frozen Ramparts by Vehumet.
  8009 | D:8      | Reached skill level 2 in Throwing
  8146 | D:8      | Reached skill level 6 in Unarmed Combat
  8208 | D:8      | Found a white marble altar of Elyvilon.
  8239 | D:8      | HP: 2/81 [orc priest/divine providence (12)]
  8269 | D:8      | Reached skill level 2 in Air Magic
  8391 | D:8      | Found a sacrificial altar of Ru.
  8409 | D:8      | Noticed Erica
  8414 | D:8      | Killed Erica
  8535 | D:8      | Noticed Psyche
  8545 | D:8      | Killed Psyche
  8606 | D:8      | Reached **** piety under Vehumet
  8732 | D:8      | Reached skill level 4 in Ice Magic
  8751 | D:8      | Noticed Maurice
  8757 | D:8      | Reached skill level 5 in Shapeshifting
  8759 | D:8      | Maurice stole a +4 ring of protection
  8770 | D:8      | Something stole a staff of earth
  8785 | D:8      | Offered knowledge of Flame Wave by Vehumet.
  8787 | D:8      | Something stole a blade talisman
  8789 | D:8      | Something stole 18 curare-tipped darts {=f}
  8790 | D:8      | Maurice stole 82 gold
  8797 | D:8      | Killed Maurice
  8934 | D:8      | Found an ornate altar of the Wu Jian Council.
  9145 | D:8      | Reached XP level 11. HP: 88/88 MP: 16/16
  9238 | D:9      | Noticed a two-headed ogre
  9261 | D:9      | Killed a two-headed ogre
  9262 | D:9      | Reached skill level 5 in Conjurations
  9362 | D:9      | Learned a level 3 spell: Mephitic Cloud
  9532 | D:9      | Found a staircase to the Orcish Mines.
  9745 | D:9      | Reached skill level 2 in Evocations
  9907 | D:9      | Found a staircase to the Lair.
  9914 | D:9      | Reached skill level 7 in Unarmed Combat
 10703 | D:9      | Found a snail-covered altar of Cheibriados.
 10739 | D:10     | Entered Level 10 of the Dungeon
 10774 | D:10     | Noticed Amaemon
 10792 | D:10     | Reached skill level 5 in Ice Magic
 10792 | D:10     | Killed Amaemon
 10793 | D:10     | Reached skill level 3 in Air Magic
 11070 | D:10     | Noticed a boulder beetle
 11079 | D:10     | Killed a boulder beetle
 11080 | D:10     | Reached skill level 7 in Earth Magic
 11559 | D:11     | Reached skill level 1 in Poison Magic
 11696 | D:11     | Reached ***** piety under Vehumet
 11701 | D:11     | Reached skill level 3 in Throwing
 12209 | D:11     | Noticed a two-headed ogre
 12215 | D:11     | Killed a two-headed ogre
 12216 | D:11     | Reached skill level 3 in Translocations
 12256 | D:11     | Offered knowledge of Lee's Rapid Deconstruction by Vehumet.
 12430 | D:11     | Noticed a boulder beetle
 12436 | D:11     | Noticed a boulder beetle
 12437 | D:11     | Killed a boulder beetle
 12438 | D:11     | Reached skill level 5 in Spellcasting
 12448 | D:11     | Killed a boulder beetle
 12449 | D:11     | Reached XP level 12. HP: 89/96 MP: 8/19
 12898 | D:11     | Reached skill level 6 in Spellcasting
 13192 | D:11     | Learned a level 5 spell: Lee's Rapid Deconstruction
 13877 | D:12     | Found Gehy's Book Boutique.
 14116 | D:12     | Reached skill level 8 in Unarmed Combat
 14116 | D:12     | Reached skill level 6 in Shapeshifting
 14777 | D:13     | Noticed Kirke
 14780 | D:13     | Noticed a boulder beetle
 14782 | D:13     | Reached skill level 4 in Transmutations
 14784 | D:13     | Killed Kirke
 14785 | D:13     | Reached skill level 1 in Fighting
 14789 | D:13     | Killed a boulder beetle
 14790 | D:13     | Reached skill level 6 in Ice Magic
 14884 | D:13     | Found Kocip's Magic Scroll Boutique.
 14890 | D:13     | Bought a scroll of noise for 19 gold pieces
 14891 | D:13     | Bought a scroll of poison for 76 gold pieces
 15111 | Lair:1   | Entered Level 1 of the Lair of Beasts
 15263 | Lair:1   | Noticed Gastronok
 15368 | Lair:1   | Killed Gastronok
 15377 | Lair:1   | Reached skill level 3 in Evocations
 15700 | Lair:1   | Reached skill level 2 in Poison Magic
 15766 | Lair:1   | Reached XP level 13. HP: 106/106 MP: 6/21
 15909 | Lair:1   | Noticed Grum
 15911 | Lair:1   | Offered knowledge of Iskenderun's Battlesphere by Vehumet.
 15915 | Lair:1   | Killed Grum
 16018 | Lair:1   | Reached skill level 9 in Unarmed Combat
 16274 | Lair:1   | Noticed Urug
 16312 | Lair:1   | Killed Urug
 16313 | Lair:1   | Reached skill level 6 in Conjurations
 16617 | Lair:2   | Reached skill level 4 in Air Magic
 16694 | Lair:2   | Reached skill level 2 in Fighting
 16961 | Lair:2   | Found a staircase to the Shoals.
 17207 | Lair:2   | Reached skill level 8 in Earth Magic
 17618 | Lair:3   | Reached skill level 4 in Throwing
 17893 | Lair:3   | Reached skill level 7 in Ice Magic
 17965 | Lair:3   | Reached skill level 7 in Shapeshifting
 18528 | Lair:3   | Offered knowledge of Arcjolt by Vehumet.
 18564 | Lair:3   | Reached skill level 10 in Unarmed Combat
 18933 | Lair:3   | Found a staircase to the Snake Pit.
 19219 | Lair:4   | Reached skill level 4 in Translocations
 19391 | Lair:4   | Reached XP level 14. HP: 93/118 MP: 17/23
 19525 | Lair:4   | Reached skill level 3 in Poison Magic
 20034 | Lair:4   | Found a runed translucent door.
 20035 | Lair:4   | Noticed tbh1313's ghost (journeyman OgBe)
 20037 | Lair:4   | Identified the +10 spear "Casamih" {holy, Drain rC+ rCorr}
 20128 | Lair:4   | Found a viscous altar of Jiyva.
 20129 | Lair:4   | Found a staircase to the Slime Pits.
 20782 | Lair:5   | Entered Level 5 of the Lair of Beasts
 20805 | Lair:5   | Found a gate leading to a gauntlet.
 20824 | Lair:5   | Reached skill level 8 in Ice Magic
 20826 | Gauntlet | Entered a Gauntlet
 20826 | Gauntlet | Found a transporter.
 20826 | Gauntlet | Found a transporter.
 20923 | Gauntlet | Found a transporter.
 20924 | Gauntlet | Found a transporter.
 20925 | Gauntlet | Found a transporter.
 20927 | Gauntlet | Found a transporter.
 20936 | Gauntlet | Found a transporter.
 20936 | Gauntlet | Found a transporter.
 20937 | Gauntlet | Found a transporter.
 20938 | Gauntlet | Found a transporter.
 20940 | Gauntlet | Noticed a quicksilver ooze
 20946 | Gauntlet | Found a transporter.
 20946 | Gauntlet | Found a transporter.
 21159 | Gauntlet | Offered knowledge of Plasma Beam by Vehumet.
 21305 | Gauntlet | Killed a quicksilver ooze
 21306 | Gauntlet | Reached skill level 3 in Fighting
 21339 | Gauntlet | Identified the +2 cloak of the Eight Hells {Str+5}
 21369 | Gauntlet | Identified the amulet of Duninlorch {RegenMP Harm rPois
                  | Will- rCorr}
 21379 | Gauntlet | Reached skill level 7 in Spellcasting
 21587 | Lair:5   | Reached skill level 4 in Evocations
 21590 | Lair:5   | Reached skill level 11 in Unarmed Combat
 21787 | Lair:5   | Reached skill level 5 in Air Magic
 22022 | Lair:5   | Reached skill level 7 in Conjurations
 22570 | Lair:5   | Reached skill level 9 in Earth Magic
 23276 | Lair:5   | Reached skill level 8 in Shapeshifting
 23807 | Orc:1    | Entered Level 1 of the Orcish Mines
 23813 | Orc:1    | Offered knowledge of Ozocubu's Refrigeration by Vehumet.
 24031 | D:9      | Reached XP level 15. HP: 127/127 MP: 6/24
 24752 | Orc:1    | Noticed Omilar's ghost (journeyman DsNe)
 24753 | Orc:1    | Found a transporter.
 24753 | Orc:1    | Identified the +6 dire flail of Ancient Evil {freeze, *Rage
                  | rF+ Will+ Str+3}
 24801 | Orc:1    | Found a transporter.
 24939 | Orc:1    | Killed Omilar's ghost
 25016 | Orc:1    | Learned a level 7 spell: Ozocubu's Refrigeration
 25033 | Orc:2    | Entered Level 2 of the Orcish Mines
 25513 | Orc:2    | Found a staircase to the Elven Halls.
 25585 | Orc:2    | Reached skill level 5 in Throwing
 26370 | Orc:2    | Found Zuithig's Jewellery Boutique.
 26370 | Orc:2    | Found Unuw's General Store.
 26372 | Orc:2    | Found Talaiqora's Weapon Boutique.
 26372 | Orc:2    | Found Cibb's Magic Scroll Emporium.
 26382 | Orc:2    | Bought a scroll of identify for 32 gold pieces
 26382 | Orc:2    | Bought a scroll of fear for 64 gold pieces
 26382 | Orc:2    | Bought a scroll of teleportation for 48 gold pieces
 26382 | Orc:2    | Bought a scroll of teleportation for 48 gold pieces
 26386 | Orc:2    | Bought a scroll of identify for 34 gold pieces
 26386 | Orc:2    | Bought a wand of roots (1) for 40 gold pieces
 26386 | Orc:2    | Bought a potion of heal wounds for 85 gold pieces
 26393 | Orc:2    | Bought the ring "Pumnos" {Ice Int+2} for 506 gold pieces
 26393 | Orc:2    | Bought an amulet of magic regeneration for 420 gold pieces
 26853 | D:13     | Reached skill level 9 in Ice Magic
 27086 | D:13     | Reached skill level 12 in Unarmed Combat
 27134 | D:13     | Found a portal to a secret trove of treasure.
 27203 | D:13     | Bought 2 scrolls of teleportation for 114 gold pieces
 27203 | D:13     | Bought a scroll of teleportation for 57 gold pieces
 27410 | D:14     | Noticed Rupert
 27759 | D:14     | Identified the ring "Ciot" {Fire Dex+3 SInv}
 28003 | D:14     | Offered knowledge of Starburst by Vehumet.
 28067 | D:14     | Found a gate to the Vaults.
 28142 | D:15     | Entered Level 15 of the Dungeon
 28261 | D:15     | Reached skill level 8 in Spellcasting
 28287 | D:15     | Found a sparkling altar of Nemelex Xobeh.
 28945 | D:15     | Reached skill level 4 in Poison Magic
 29171 | D:15     | Reached skill level 4 in Fighting
 29226 | D:15     | Found a staircase to the Depths.
 29655 | D:14     | Killed Rupert
 29788 | D:12     | Bought a manual of Ice Magic for 1200 gold pieces
 30007 | Snake:1  | Entered Level 1 of the Snake Pit
 30007 | Snake:1  | Noticed Vuushr Kima's ghost (adept DsNe)
 30007 | Snake:1  | Found a large runed translucent door.
 30007 | Snake:1  | Found a large runed translucent door.
 30031 | Snake:1  | Identified the +10 whip of the Wraith {antimagic, rElec
                  | rN+}
 30172 | Snake:1  | Reached XP level 16. HP: 137/137 MP: 18/27
 30408 | Snake:1  | Identified 2 potions of resistance
 30422 | Snake:1  | Reached skill level 9 in Shapeshifting
 30512 | Snake:1  | Reached skill level 6 in Air Magic
 31123 | Snake:1  | Found Eqonnegu's Armour Boutique.
 31404 | Snake:2  | HP: 6/137 [naga/+0 antimagic glaive (22)]
 31405 | Snake:2  | HP: 2/137 [constriction (3)]
 31405 | Snake:2  | Mangled by a salamander

Vanquished Creatures
  Rupert (D:14)
  Kirke (D:13)
  Gastronok (Lair:1)
  A quicksilver ooze (Gauntlet)
  A minotaur (Gauntlet)
  The ghost of Omilar the Demonic Cataclysm, a journeyman DsNe of Qazlal (Orc:1)
  2 ogre magi (D:15)
  A catoblepas (Lair:4)
  6 hydras
  4 vault guards
  An ironbound frostheart (D:14)
  7 two-headed ogres
  9 boulder beetles
  2 anacondas (Snake:1)
  4 centaur warriors
  Erica (D:8)
  A deep troll earth mage (D:15)
  2 tengu warriors (D:15)
  4 naga warriors (Snake:1)
  2 death yaks (Lair:3)
  4 orc high priests (Orc:2)
  A shock serpent (shapeshifter) (D:14)
  Urug (Lair:1)
  Amaemon (D:10)
  3 shock serpents (Snake:1)
  A salamander mystic (Snake:1)
  A skeletal warrior (D:15)
  4 skysharks (Lair:5)
  A sea snake (Snake:1)
  5 orc knights
  2 deep elf pyromancers (D:15)
  2 mana vipers (Snake:1)
  3 salamanders
  3 orc sorcerers (Orc:2)
  Maurice (D:8)
  5 elephants (Lair:4)
  2 wolf spiders (D:15)
  3 cyclopes
  An oklob plant (Lair:2)
  5 ugly things
  A manticore (D:14)
  A guardian serpent (Snake:1)
  A naga mage (Snake:1)
  An orange demon (D:10)
  A torpor snail (Lair:3)
  4 gargoyles
  An ice statue (Gauntlet)
  12 black mambas
  23 cane toads
  3 unseen horrors
  2 yaktaurs
  A kobold demonologist (Orc:1)
  5 rime drakes
  Psyche (D:8)
  An efreet (D:14)
  15 komodo dragons
  A tengu conjurer (D:14)
  A minotaur zombie (Gauntlet)
  A freezing wraith (D:15)
  8 trolls
  Grinder (D:4)
  3 polar bears
  A wolf spider simulacrum (D:15)
  13 dream sheep
  2 tyrant leeches (Lair:5)
  33 blink frogs
  A jumping spider (shapeshifter) (D:15)
  8 slime creatures
  Sigmund (D:2)
  A centaur simulacrum (D:15)
  2 vampires
  Grum (Lair:1)
  A wraith (D:12)
  57 yaks
  A shadow (D:11)
  7 wyverns
  A human (D:14)
  4 hogs (D:13)
  6 basilisks
  4 steam dragons
  6 vampire mosquitoes
  Menkaure (D:5)
  2 swamp worms (Gauntlet)
  3 wargs
  13 nagas
  An acid dragon (D:9)
  11 water moccasins
  7 black bears
  23 orc warriors
  2 sky beasts
  3 ice beasts
  10 ogres
  A boggart (D:11)
  14 wolves
  11 centaurs
  A phantom (D:4)
  23 kobold brigands
  17 bullfrogs
  4 scorpions
  3 gnoll sergeants
  8 wights
  4 killer bees
  5 howler monkeys
  An electric eel (Snake:1)
  2 quasits (D:8)
  2 hounds
  A gnoll bouda (D:6)
  14 orc priests
  2 jellies
  4 sleepcaps
  26 orc wizards
  An iguana (D:5)
  Natasha (thrice) (D:3)
  17 gnolls
  6 adders
  4 shadow imps (D:8)
  7 white imps
  9 ufetubi
  A worm (D:4)
  3 dart slugs
  65 orcs
  5 ball pythons
  7 endoplasms
  2 giant cockroaches
  12 goblins
  8 hobgoblins
  2 jackals (D:1)
  33 kobolds
  2 quokkas
  2 bats (D:2)
  2 frilled lizards
  5 rats
754 creatures vanquished.

Vanquished Creatures (collateral kills)
  An orc warrior (Bailey)
  2 kobold brigands (Bailey)
  7 boulders
10 creatures vanquished.

Vanquished Creatures (others)
  A bullfrog (Lair:3)
  4 boulders
5 creatures vanquished.

Grand Total: 769 creatures vanquished

Table legend: (Time is in decaauts)
 A = Elapsed time spent in this place.
 B = Non-inter-level travel time spent in this place.
 C = Inter-level travel time spent in this place.
 D = Time resting spent in this place.
 E = Time spent auto-exploring this place.
 F = Levels seen in this place.
 G = Mean time per level.
                   A        B        C        D        E       F      G
               +--------+--------+--------+--------+--------+-----+--------+
         Total |  31368 |  29546 |   1822 |   2947 |  21470 |  27 | 1161.8 |
       Dungeon |  18398 |  17051 |   1347 |   1404 |  12794 |  15 | 1226.5 |
        Temple |      1 |      1 |      0 |      0 |      0 |   1 |    1.0 |
          Lair |   7799 |   7476 |    323 |    806 |   5572 |   5 | 1559.8 |
     Snake Pit |   1395 |   1376 |     19 |    161 |    962 |   2 |  697.5 |
  Orcish Mines |   2382 |   2249 |    133 |    217 |   1502 |   2 | 1191.0 |
        Bailey |    657 |    657 |      0 |    154 |    309 |   1 |  657.0 |
      Gauntlet |    734 |    734 |      0 |    203 |    330 |   1 |  734.0 |
               +--------+--------+--------+--------+--------+-----+--------+

Top non-repeatable levels by time:
     D:9: 2318 daAuts
  Lair:5: 2144 daAuts
    D:11: 2056 daAuts
     D:5: 1933 daAuts
  Lair:3: 1657 daAuts
  Lair:1: 1431 daAuts
  Lair:4: 1418 daAuts
   Orc:2: 1385 daAuts
 Snake:1: 1379 daAuts
    D:15: 1335 daAuts
     D:8: 1333 daAuts
    D:12: 1286 daAuts
     D:6: 1217 daAuts
  Lair:2: 1147 daAuts
    D:14: 1120 daAuts

Table legend:
 A = Non-vault XP
 B = Vault XP
 C = Vault XP percentage of total XP
 D = Non-vault monster count
 E = Vault monster count
 F = Vault count percentage of total count
                 A         B        C        D         E       F
            +---------+---------+-------+---------+---------+-------
      Total |   97397 |   69106 |  41.5 |     492 |     266 |  35.1
            +---------+---------+-------+---------+---------+-------
        D:1 |      37 |       0 |   0.0 |      20 |       0 |   0.0
        D:2 |      27 |     231 |  89.5 |      16 |       1 |   5.9
        D:3 |      89 |      35 |  28.2 |      11 |       1 |   8.3
        D:4 |     282 |     290 |  50.7 |      12 |       1 |   7.7
        D:5 |     978 |     435 |  30.8 |      19 |       5 |  20.8
        D:6 |    1375 |     612 |  30.8 |      24 |       5 |  17.2
        D:7 |    1093 |      51 |   4.5 |      34 |       5 |  12.8
        D:8 |     950 |    3722 |  79.7 |      22 |      41 |  65.1
        D:9 |    2681 |    1600 |  37.4 |      25 |       5 |  16.7
       D:10 |    1086 |    1222 |  52.9 |       8 |       2 |  20.0
       D:11 |    1750 |    5141 |  74.6 |      16 |      17 |  51.5
       D:12 |    3260 |       0 |   0.0 |      15 |       0 |   0.0
       D:13 |    4355 |    3088 |  41.5 |      13 |       6 |  31.6
       D:14 |    6899 |    5954 |  46.3 |      12 |       7 |  36.8
       D:15 |    8614 |    5431 |  38.7 |      15 |       9 |  37.5
     Lair:1 |    6597 |    3726 |  36.1 |      32 |      11 |  25.6
     Lair:2 |    2152 |    1590 |  42.5 |       7 |      11 |  61.1
     Lair:3 |   10651 |    6455 |  37.7 |      39 |      20 |  33.9
     Lair:4 |   12791 |       0 |   0.0 |      40 |       0 |   0.0
     Lair:5 |    9571 |   11192 |  53.9 |      30 |      36 |  54.5
    Snake:1 |   16840 |       0 |   0.0 |      35 |       0 |   0.0
    Snake:2 |     523 |       0 |   0.0 |       1 |       0 |   0.0
      Orc:1 |    2414 |    6062 |  71.5 |      31 |      23 |  42.6
      Orc:2 |    2382 |    6973 |  74.5 |      15 |      30 |  66.7
     Bailey |       0 |    1377 | 100.0 |       0 |      22 | 100.0
   Gauntlet |       0 |    3919 | 100.0 |       0 |       8 | 100.0
            +---------+---------+-------+---------+---------+-------
